 Dungeon Crawl Stone Soup version 0.31.0-11-ge490571c62 (webtiles) character file.

Game seed: 12483240665376170137

259 Ackro the Grave Robber (level 5, -1/28 HPs)
             Began as a Deep Elf Necromancer on Jan 30, 2024.
             Splashed by a jelly's acid (9 damage)
             ... on level 4 of the Dungeon.
             The game lasted 00:12:20 (3480 turns).

Ackro the Grave Robber (Deep Elf Necromancer)       Turns: 3480, Time: 00:12:21

Health: -1/28      AC: -2    Str:  5    XL:     5   Next: 94%
Magic:  4/15       EV: 12    Int: 22    God:
Gold:   194        SH:  0    Dex: 15    Spells: 8/16 levels left

rFire   . . .        d - +0 dagger
rCold   . . .        (no shield)
rNeg    . . .        a - +0 robe
rPois   .            (no helmet)
rElec   .            (no cloak)
rCorr   .            (no gloves)
SInv    .            (no boots)
Will    .....        (no amulet)
Stlth   ++           (no ring)
HPRegen 0.24/turn    (no ring)
MPRegen 0.14/turn

%: no passive effects
@: corroded, animating dead
A: talons 1
a: no special abilities


You were on level 4 of the Dungeon.
You visited 1 branch of the dungeon, and saw 4 of its levels.

You collected 194 gold pieces.

Inventory:

Hand Weapons
 d - a +0 dagger (weapon)
Armour
 a - a +0 robe (worn)
Jewellery
 s - a ring of magical power
Scrolls
 c - 3 scrolls of identify {unknown}
 g - a scroll of vulnerability {unknown}
 h - a scroll of teleportation
 k - a scroll of blinking {unknown}
 o - 2 scrolls of enchant armour {unknown}
 r - 2 scrolls of fog {unknown}
 t - a scroll of amnesia {unknown}
 u - a scroll of poison {unknown}
Potions
 b - 2 potions of magic
 i - 2 potions of haste {unknown}
 j - 3 potions of heal wounds {unknown}
 l - 2 potions of invisibility {unknown}
 m - a potion of cancellation {unknown}
 n - 2 potions of curing {unknown}
 p - 2 potions of lignification {unknown}
 q - a potion of enlightenment {unknown}


   Skills:
 + Level 2.4 Dodging
 + Level 3.2 Stealth
 + Level 6.2 Spellcasting
 + Level 6.7 Necromancy


You had 8 spell levels left.
You knew the following spells:

 Your Spells              Type           Power      Damage    Failure   Level
a - Necrotise             Necr           100%       1d9       1%          1
b - Animate Dead          Necr           36%        N/A       5%          4
c - Vampiric Draining     Necr           36%        2d8       1%          3

Your spell library contained the following spells:

 Spells                   Type           Power      Damage    Failure   Level
 Curse of Agony           Necr           36%        N/A       16%         5
 Inner Flame              Hex/Fire       6%         N/A       26%         3
 Irradiate                Conj/Alch      3%         3d12      94%         5
 Ignition                 Fire           3%         3d4       100%        8


Dungeon Overview and Level Annotations

Branches:
Dungeon (4/15)
 Temple: D:4-7

Altars:
Fedhas

Annotations:
D:3 kaychamo's ghost, amateur OnBr


Innate Abilities, Weirdness & Mutations

You have sharp toenails.


Message History

Aiming: Necrotise (safe; 1% risk of failure)
Press: ? - help, Q - select action, (/) - cycle Shift-Dir - straight line, f/p - ogre
Aim: an ogre, wielding a +0 giant club (almost dead, chance to affect: 83%)
The ogre writhes in agony.
You kill the ogre!
The dead are walking!
Your Spellcasting skill increases to level 6!
The quokka misses you. Something hits your ogre skeleton.
Your ogre skeleton is splashed with acid.
The quokka bites your ogre skeleton.
Aiming: Necrotise (safe; 1% risk of failure)
Press: ? - help, Q - select action, (/) - cycle Shift-Dir - straight line, f - you
Okay, then.
The quokka bites your ogre skeleton.
Your ogre skeleton closely misses the quokka.
The jelly hits your ogre skeleton.
Your ogre skeleton is splashed with acid.
The acid corrodes your ogre skeleton! The quokka bites your ogre skeleton.
The jelly hits your ogre skeleton.
Your ogre skeleton is splashed with acid.
The quokka bites your ogre skeleton.
Your ogre skeleton is destroyed!
Aiming: Necrotise (safe; 1% risk of failure)
Press: ? - help, Q - select action, (/) - cycle Shift-Dir - straight line, f - jelly
Aim: a jelly (chance to affect: 88%)
The jelly writhes in agony.
The jelly misses you.
Aiming: Necrotise (safe; 1% risk of failure)
Press: ? - help, Q - select action, (/) - cycle Shift-Dir - straight line, f/p - jelly
Aim: a jelly (lightly wounded, chance to affect: 88%)
The jelly writhes in agony!
The jelly hits you. The acid corrodes you!
You are splashed with acid.
Aiming: Necrotise (safe; 1% risk of failure)
Press: ? - help, Q - select action, (/) - cycle Shift-Dir - straight line, f/p - jelly
Aim: a jelly (heavily wounded, chance to affect: 88%)
The jelly writhes in agony.
The jelly hits you.
* * * LOW HITPOINT WARNING * * *
You are splashed with acid!
You die...

#. #..# # #.#....~~
.. ..# #.###.#..#...
#.
#.##.#............
#.
#.##.......#......
#.########.######.
##.###)##### ##..#
#. #..?..r....#
#...# #
.<.#..#J###.###.#.##
#...##@#
#.##.....### ##.#
#.# #Z...###...# ...
#.###..#.#.#.#.###
.##
#.##.....#.#.....#
..##.#.........#.#
###.....##.##.....
#...###.#...#)###.
#.#.#..........)#.
#...###.#...#.###.


You could see a jelly and a quokka.

Vanquished Creatures
  An ogre (D:4)
  A jelly (D:4)
  8 adders
  4 dart slugs
  A ribbon worm (D:2)
  7 bats
  7 endoplasms
  2 giant cockroaches
  4 goblins
  7 hobgoblins
  A jackal (D:4)
  2 quokkas (D:1)
  5 ball pythons
  3 frilled lizards
  6 kobolds
  5 rats
64 creatures vanquished.

Vanquished Creatures (collateral kills)
  A kobold (D:4)
1 creature vanquished.

Vanquished Creatures (others)
  An adder zombie (D:4)
  A jackal zombie (D:4)
2 creatures vanquished.

Grand Total: 67 creatures vanquished

Notes
Turn   | Place    | Note
-------+----------+-------------------------------------------
     0 | D:1      | Ackro the Deep Elf Necromancer began the quest for the Orb.
     0 | D:1      | Reached XP level 1. HP: 10/10 MP: 6/6
    93 | D:1      | Reached skill level 5 in Necromancy
   167 | D:1      | Reached XP level 2. HP: 15/15 MP: 2/8
   812 | D:2      | Reached XP level 3. HP: 19/19 MP: 6/10
  1230 | D:2      | Reached XP level 4. HP: 24/24 MP: 8/12
  2215 | D:3      | Learned a level 4 spell: Animate Dead
  2219 | D:3      | Learned a level 3 spell: Vampiric Draining
  2454 | D:3      | Found a runed translucent gate.
  2454 | D:3      | Found a runed translucent gate.
  2454 | D:3      | Found a runed translucent gate.
  2482 | D:3      | Found a faded altar of an unknown god.
  2488 | D:3      | Reached skill level 5 in Spellcasting
  2774 | D:3      | Noticed kaychamo's ghost (amateur OnBr)
  2919 | D:4      | Noticed a scorpion
  3033 | D:4      | Noticed an ogre
  3061 | D:3      | Gained mutation: You have sharp toenails. [potion of
                  | mutation]
  3153 | D:4      | Noticed an ogre
  3180 | D:4      | Found a blossoming altar of Fedhas.
  3359 | D:4      | Reached XP level 5. HP: 27/28 MP: 7/14
  3472 | D:4      | Killed an ogre
  3480 | D:4      | Splashed by a jelly's acid

Illustrated notes

Levels and vault maps discovered:
D:1:      roadster_arrival_rocket_large, layout_basic, st_stairs_5,
          dreamdust_mushroom_princess
D:2:      layout_basic, serial_corexii_hall, chequers_hall_statues_corner_a,
          chequers_hall_statues_corner_a, corexii_hall_statues_x,
          corexii_hall_statues_x, chequers_serial_rivers_micro_c
D:3:      layout_basic, gammafunk_ghost_necromancy,
          ebering_ecumenical_altar_sacrificial
D:4:      layout_loops_ring, fedhas_ov_isle_minmay,
          minmay_temple_entry_gardened_gates, minmay_fractal_squares_5,
          uniq_pikel

Skill      XL: |  1  2  3  4  5 |
---------------+----------------+-----
Necromancy     | 5 6 |  6.7
Spellcasting   | 4 5 6 |  6.2
Stealth        | 3 |  3.2
Dodging        | |  2.4

Action                     |  1- 3 |  4- 6 || total
---------------------------+-------+-------++-------
  Melee: Dagger            |       |    11 ||    11
   Cast: Necrotise         |    53 |    71 ||   124
         Animate Dead      |       |     3 ||     3
    Use: Potion            |       |     2 ||     2
         Scroll            |       |     1 ||     1
 Armour: Robe              |     2 |    15 ||    17
  Dodge: Dodged            |     2 |    22 ||    24
